 Dungeon Crawl Stone Soup version 0.28-a0-1545-g945cd3f27e (webtiles) character file.

Game seed: 2862214051364858501

52 BritishOli the Chopper (level 3, 0/28 HPs)
             Began as a Demonspawn Gladiator on Jan 18, 2022.
             Killed by nerve-wracking pain
             ... invoked by Grinder
              (4 damage)
             ... while paralysed by Grinder
             ... on level 3 of the Dungeon.
             The game lasted 00:01:38 (2424 turns).

BritishOli the Chopper (Demonspawn Gladiator)       Turns: 2424, Time: 00:01:39

Health: 0/28       AC:  4    Str: 16    XL:     3   Next: 60%
Magic:  3/3        EV:  2    Int:  9    God:
Gold:   75         SH:  0    Dex: 14    Spells: 2/2 levels left

rFire   . . .      SeeInvis .   h - +0 war axe
rCold   . . .      Faith    .   (no shield)
rNeg    . . .      Spirit   .   b - +0 leather armour
rPois   .          Reflect  .   c - +0 helmet
rElec   .          Harm     .   (no cloak)
rCorr   .          Rampage  .   (no gloves)
Will    .....                   (no boots)
Stlth   +.........              (no amulet)
HPRegen 0.09/turn               j - +4 ring of evasion
MPRegen 0.08/turn               (no ring)

@: paralysed
A: repulsion field 1
a: no special abilities


You were on level 3 of the Dungeon.
You visited 1 branch of the dungeon, and saw 3 of its levels.

You collected 75 gold pieces.

Inventory:

Hand Weapons
 a - a +0 war axe
 h - a +0 war axe (weapon)
Missiles
 d - 3 throwing nets (quivered)
Armour
 b - a +0 leather armour (worn)
 c - a +0 helmet (worn)
Jewellery
 j - a +4 ring of evasion (left hand)
Scrolls
 e - a scroll of fog {unknown}
 f - a scroll of noise {unknown}
 i - 2 scrolls of identify {unknown}
Potions
 g - a potion of lignification {unknown}
 k - a potion of brilliance {unknown}
 l - a potion of berserk rage {unknown}


   Skills:
 + Level 2.6 Fighting
 + Level 3.1 Axes
 - Level 1.7 Throwing
 + Level 1.2 Armour
 + Level 3.1 Dodging


You had 2 spell levels left.
You didn't know any spells.
Your spell library was empty.

Dungeon Overview and Level Annotations

Branches:
Dungeon (3/15)

Altars:
Trog
Zin

Annotations:
D:3 Grinder


Innate Abilities, Weirdness & Mutations

You are surrounded by a mild repulsion field. (EV +2)


Message History

You barely miss the ball python. The ball python misses you.
The ball python grabs you. The ball python constricts you.
The ball python barely misses you. The ball python constricts you.
A ball python is nearby!
You closely miss the ball python. The ball python misses you.
The ball python constricts you.
A ball python is nearby!
You closely miss the ball python. The ball python barely misses you.
The ball python constricts you. The ball python bites you.
The ball python constricts you.
A ball python is nearby!
You slash the ball python!
You kill the ball python!
You see here a +0 ring mail.
l - a viscous silvery potion
Found an escape hatch in the floor.
No target in view!
Found a glowing silver altar of Zin.
No target in view!
Found a leather armour.
No target in view!
Grinder comes into view.
Grinder shouts!
Grinder gestures at you. Pain shoots through your body!
Ouch! That really hurt!
You are too injured to fight recklessly!
Grinder is nearby!
Grinder is nearby!
You are too injured to fight recklessly!
Grinder is nearby!
You are too injured to fight recklessly!
Grinder gestures at you.
You suddenly lose the ability to move!
Grinder gestures at you. Pain shoots through your body!
* * * LOW HITPOINT WARNING * * *
Grinder gestures at you. Pain shoots through your body!
You die...

#######...#.......##.#
..)....##......#####.#
.#.#...#####.........#
#..###.# #####.#####
#..# .# #...# #..###.#
#.5.# #.#...## #...#
#.....# #...######
###)###### #.@......#
#.......#####...####.##
#..####...............#
#..[..............>....
#>.....................
#.##.##.#####...####.#.
#.......# #........#
.....##.# #...#####
#.....##.# #...#


You could see Grinder.

Vanquished Creatures
  A dart slug (D:1)
  An orc (D:3)
  7 ball pythons
  3 bats
  6 endoplasms
  A giant cockroach (D:3)
  8 goblins
  5 hobgoblins
  3 kobolds
  A quokka (D:2)
  5 frilled lizards
  4 rats
45 creatures vanquished.

Notes
Turn   | Place    | Note
-------+----------+-------------------------------------------
     0 | D:1      | BritishOli the Demonspawn Gladiator began the quest for the
                  | Orb.
     0 | D:1      | Reached XP level 1. HP: 16/16 MP: 1/1
   363 | D:1      | Gained mutation: You are surrounded by a mild repulsion
                  | field. (EV +2) [demonic ancestry]
   363 | D:1      | Reached XP level 2. HP: 21/22 MP: 2/2
   677 | D:1      | Noticed a golden eye
   681 | D:1      | Noticed an eye of devastation
   683 | D:1      | Found a faded altar of an unknown god.
   685 | D:1      | Noticed a great orb of eyes
   685 | D:1      | Noticed an eye of devastation
  1275 | D:2      | Reached skill level 1 in Armour
  1411 | D:2      | Reached XP level 3. HP: 28/28 MP: 3/3
  1761 | D:2      | Found a bloodstained altar of Trog.
  2407 | D:3      | Noticed Grinder
  2419 | D:3      | Paralysed by Grinder for 7 turns
  2424 | D:3      | Killed from afar by Grinder

Illustrated notes

Levels and vault maps discovered:
D:1:      scummos_arrival_simple_crosswalls, layout_loops_corners,
          hellmonk_ecumenical_altar_watching_god,
          corexii_item_surrounded_by_moat
D:2:      layout_basic, basic_altar
D:3:      layout_loops_cross, amcnicky_altar_gilded,
          mainiacjoe_overflow_boulevard, mainiacjoe_overflow_alcove_4,
          nrook_mini_vaults, uniq_grinder

Skill      XL: |  1  2 |
---------------+-------+-----
Axes           | 3 |  3.1
Dodging        | 3 |  3.1
Armour         | 1 |  1.2
Fighting       | |  2.6
Throwing       | |  1.7

Action                   || total
-------------------------++-------
Melee: War axe           ||   124
       Punch             ||     1
 Stab: Sleeping          ||     1
Armor: Leather armour    ||    36
Dodge: Dodged            ||   112

Table legend: (Time is in decaauts)
 A = Elapsed time spent in this place.
 B = Non-inter-level travel time spent in this place.
 C = Inter-level travel time spent in this place.
 D = Time resting spent in this place.
 E = Time spent auto-exploring this place.
 F = Levels seen in this place.
 G = Mean time per level.
                   A        B        C        D        E       F      G
               +--------+--------+--------+--------+--------+-----+--------+
         Total |   2466 |   2428 |     38 |    184 |   1889 |   3 |  822.0 |
       Dungeon |   2466 |   2428 |     38 |    184 |   1889 |   3 |  822.0 |
               +--------+--------+--------+--------+--------+-----+--------+

Top non-repeatable levels by time:
     D:1: 1274 daAuts
     D:2: 1028 daAuts
     D:3: 164 daAuts
